 Dungeon Crawl Stone Soup version 0.29.1-2-gbd0b4ee654 (webtiles) character file.

Game seed: 2844352300008872585

26 zeram the Magician (level 3, -1/26 HPs)
             Began as a Djinni Enchanter on Nov 10, 2022.
             Slain by a quokka (2 damage)
             ... on level 1 of the Dungeon.
             The game lasted 00:02:49 (1311 turns).

zeram the Magician (Djinni Enchanter)               Turns: 1311, Time: 00:02:50

Health: -1/26      AC:  2    Str:  4 (7)  XL:     3   Next: 22%
Gold:   94         EV: 12    Int: 17 (18) God:
                   SH:  0    Dex: 12 (13)

rFire   + + .      SeeInvis .   a - +1 dagger
rCold   x . .      Faith    .   (no shield)
rNeg    . . .      Spirit   .   b - +0 robe
rPois   ∞          Reflect  .   (no helmet)
rElec   .          Harm     .   (no cloak)
rCorr   .          Rampage  .   (no gloves)
Will    .....                   (boots unavailable)
Stlth   ++........              (no amulet)
HPRegen 0.08/turn               (no ring)
MPRegen 0.00/turn               (no ring)

@: attractive, flying, invisible
A: sickness immunity, fire resistance 2, cold vulnerability 1, float, innate
caster, HP casting, extra vitality 1
a: no special abilities


You were on level 1 of the Dungeon.
You visited 1 branch of the dungeon, and saw 1 of its levels.

You collected 94 gold pieces.

Inventory:

Hand Weapons
 a - a +1 dagger (weapon)
Armour
 b - a +0 robe (worn)
Potions
 c - a potion of invisibility


   Skills:
 + Level 0.4 Fighting
 + Level 1.2 Short Blades
 + Level 2.4 Dodging
 - Level 2.4 Stealth
 + Level 3.0 Spellcasting


You couldn't memorise any spells.
You knew the following spells:

 Your Spells              Type           Power      Damage    Failure   Level
a - Ensorcelled Hibernat  Hex/Ice        24%        N/A       8%          2
b - Confusing Touch       Hex            12%        N/A       16%         3
c - Tukima's Dance        Hex            12%        N/A       16%         3
d - Dazzling Flash        Conj/Hex       24%        N/A       16%         3
e - Slow                  Hex            48%        N/A       4%          1
Your spell library was empty.

Dungeon Overview and Level Annotations

Branches:
Dungeon (1/15)

Altars:


Innate Abilities, Weirdness & Mutations

You are immune to sickness and miasma.
You are immune to poison.
Your flesh is very heat resistant. (rF++)
You are vulnerable to cold. (rC-)
You float through the air rather than walking.
You learn spells naturally, not from books.
Your magical power is your life essence.
You have superior vitality. (+4 MHP)


Message History

Casting: Ensorcelled Hibernation (safe; 7% risk of failure)
Confirm with . or Enter, or press ? or * to list all spells.
Aiming: Ensorcelled Hibernation (safe; 7% risk of failure)
Press: ? - help, Shift-Dir - straight line, f/p - quokka
Aim: a quokka (chance to affect: 64%)
The quokka resists with significant effort.
* * * LOW HITPOINT WARNING * * *
The bat barely misses you. The quokka completely misses you.
Unknown command.
Casting: Ensorcelled Hibernation (safe; 7% risk of failure)
Confirm with . or Enter, or press ? or * to list all spells.
Aiming: Ensorcelled Hibernation (safe; 7% risk of failure)
Press: ? - help, Shift-Dir - straight line, f/p - quokka
Aim: a quokka (chance to affect: 64%)
The quokka resists with significant effort.
* * * LOW HITPOINT WARNING * * *
The quokka bites you but does no damage.
The quokka attacks as you move away! The quokka barely misses you.
The quokka barely misses you.
You aren't carrying any scrolls.
You fade into invisibility!
The quokka misses you. The quokka closely misses you.
It was a potion of degeneration.
There was something very wrong with that liquid.
You feel weakened.
You feel dopey.
You feel clumsy. The quokka barely misses you.
It was a potion of attraction.
You feel attractive to monsters. The quokka closely misses you.
You closely miss the quokka. The quokka bites you.
* * * LOW HITPOINT WARNING * * *
The quokka closely misses you.
Unknown command.
You hit the quokka but do no damage. The quokka misses you.
Unknown command.
You barely miss the quokka. The quokka misses you.
Unknown command.
You hit the quokka but do no damage. The quokka bites you.
You die...

...
#......#.....#......#..#
.
##......#.[.#......###.#
#.#.....#...#....)#.##..
#..##...........##..####
##...##..#.#..##...##
###....#.#.#....###
#.......#<#.......#
###..r.#.#.#....###
##...##@.#.#..##... #
#..##...........##.. #
#.#.....#...#.....#. ##
##......#...#..... .#
#......#.....#.... ##
#......#.#.#.#....
##....#..# #..# .
#....#..#####.. ## ..
#.######.....#######....


You could see a quokka (unable to see you).

Vanquished Creatures
  2 giant cockroaches (D:1)
  3 goblins (D:1)
  4 hobgoblins (D:1)
  3 jackals (D:1)
  2 quokkas (D:1)
  3 bats (D:1)
  A frilled lizard (D:1)
  3 kobolds (D:1)
  2 rats (D:1)
23 creatures vanquished.

Notes
Turn   | Place    | Note
-------+----------+-------------------------------------------
     0 | D:1      | zeram the Djinni Enchanter began the quest for the Orb.
     0 | D:1      | zeram set off with the following spells memorised:
                  | Ensorcelled Hibernation, Confusing Touch, Tukima's Dance,
                  | Dazzling Flash.
     0 | D:1      | Reached XP level 1. HP: 15/15 MP: 0/0
   389 | D:1      | Reached XP level 2. HP: 21/21 MP: 0/0
   407 | D:1      | Reached skill level 1 in Short Blades
   912 | D:1      | Reached XP level 3. HP: 23/25 MP: 0/0
   912 | D:1      | Learned a level 1 spell: Slow
   963 | D:1      | Reached skill level 3 in Spellcasting
  1308 | D:1      | HP: 1/26 [quokka (1)]
  1311 | D:1      | Slain by a quokka

Illustrated notes

Levels and vault maps discovered:
D:1:      spicycebolla_arrival_xxxplode, layout_basic,
          chequers_ecumenical_altar_twisty

Skill      XL: |  1  2  3 |
---------------+----------+-----
Short Blades   | 1 |  1.2
Spellcasting   | 3 |  3.0
Fighting       | |  0.4
Dodging        | |  2.4
Stealth        | |  2.4

Action                   || total
-------------------------++-------
Melee: Dagger            ||    72
 Cast: Ensorcelled Hiber ||     9
  Use: Scroll            ||     3
       Potion            ||     3
 Stab: Sleeping          ||     7
Armor: Robe              ||    18
Dodge: Dodged            ||    57
